 Dungeon Crawl Stone Soup version 0.17.2-1-ge4368a0 (webtiles) character file.

50 Goblin1989 the Skirmisher (level 4, -3/35 HPs)
             Began as a Human Enchanter on Jan 12, 2017.
             Slain by a hobgoblin
             ... wielding a +0 club
             ... led by Robin
              (4 damage)
             ... on level 3 of the Dungeon.
             The game lasted 00:08:22 (886 turns).

Goblin1989 the Skirmisher (Human Enchanter)          Turns: 886, Time: 00:08:22

Health: -3/35      AC:  4    Str:  9    XL:     4   Next: 4%
Magic:  2/7        EV: 12    Int: 16    God:
Gold:   72         SH:  0    Dex: 13    Spells: 1 memorised, 6 levels left

rFire  . . .     SeeInvis .     n - +0 dagger (speed)
rCold  . . .     Clarity  .     b - +1 robe
rNeg   . . .     SustAt   .     (no shield)
rPois  .         Gourm    .     (no helmet)
rElec  .         Spirit   .     (no cloak)
rCorr  .         Warding  .     f - +0 pair of gloves
rMut   .         Stasis   .     (no boots)
MR     .....                    (no amulet)
Stlth  ++........               (no ring)
                                (no ring)

@: lethally poisoned (-3 -> -11), about to teleport, not resistant to hostile
enchantments, unstealthy
A: no striking features
a: no special abilities


You were on level 3 of the Dungeon.
You were hungry.

You visited 1 branch of the dungeon, and saw 3 of its levels.

You collected 72 gold pieces.

Inventory:

Hand Weapons
 a - a +1 dagger
 m - a -3 whip
 n - a +0 dagger of speed (weapon)
Armour
 b - a +1 robe (worn)
 f - a +0 pair of gloves (worn)
 g - a +0 chain mail
Wands
 C - a wand of confusion (32)
Scrolls
 e - a scroll of fog {unknown}
 i - a scroll of remove curse {@r2}
 p - a scroll of magic mapping {unknown}
Books
 c - a book of Maledictions

   Spells                             Type                      Level
   a - Corona                         Hexes                        1
   b - Ensorcelled Hibernation        Hexes/Ice                    2
   c - Confuse                        Hexes                        3
   d - Tukima's Dance                 Hexes                        3
   e - Dazzling Spray                 Conjuration/Hexes            3
Comestibles
 d - 2 bread rations {@e1}
 h - 3 beef jerkies
 k - a meat ration {@e2}
 l - 4 fruits
 o - a royal jelly


   Skills:
 + Level 3.1 Fighting
 - Level 1.0 Short Blades
 + Level 2.2 Dodging
 - Level 3.0 Stealth
 - Level 2.0 Spellcasting
 - Level 3.0 Hexes


You had 6 spell levels left.
You knew the following spells:

 Your Spells              Type           Power        Failure   Level  Hunger
a - Corona                Hex            ##.....      8%          1    #......


Dungeon Overview and Level Annotations

Branches:
Dungeon (3/15)

Altars:
Kikubaaqudgha
Qazlal
Yredelemnul

Annotations:
D:3 Robin


Message History

You feel sick. The hobgoblin hits you with a club.
* * * LOW HITPOINT WARNING * * *
You take 3 damage, and have 3/35 hp.
You hit the hobgoblin.
You kill the hobgoblin!
Unknown command.
Casting: Corona
Confirm with . or Enter, or press ? or * to list all spells.
Aiming: Corona
Press: ? - help, Shift-Dir - straight line, f - hobgoblin
Aim: a hobgoblin, wielding a club (chance to defeat MR: 82%)
The hobgoblin is outlined in light.
* * * LOW HITPOINT WARNING * * *
You feel sick. The hobgoblin closely misses you.
You take 1 damage, and have 2/35 hp.
You now have 2/7 mp.
You hit the hobgoblin.
The hobgoblin is moderately wounded.
* * * LOW HITPOINT WARNING * * *
You feel sick. The hobgoblin hits you with a club.
You die... g█.█ ████ .█.█ █ █.. ggg

█.. █.██████..█ █...███
██(.......g███
.......████...████.....
........@ggg....██.█.████
.......████..)█..........
....███ ██.█████.█.████
█.. █.█████.█ █ █......<█
█.███████ █.█ █.█


You could see a hobgoblin and 2 goblins.

Vanquished Creatures
  2 adders (D:2)
  2 worms (D:2)
  A giant gecko (D:2)
  5 bats
  A giant cockroach (D:2)
  3 hobgoblins
  2 ball pythons (D:2)
  8 goblins
  A kobold (D:2)
  5 rats
30 creatures vanquished.

Notes
Turn   | Place    | Note
--------------------------------------------------------------
     0 | D:1      | Goblin1989 the Human Enchanter began the quest for the Orb.
     0 | D:1      | Reached XP level 1. HP: 13/13 MP: 3/3
    64 | D:1      | Reached skill level 1 in Fighting
   127 | D:2      | Reached XP level 2. HP: 18/21 MP: 5/5
   294 | D:2      | Found an ancient bone altar of Kikubaaqudgha.
   331 | D:2      | Reached XP level 3. HP: 6/28 MP: 2/6
   349 | D:2      | HP: 1/28 [poisoned by an adder]
   480 | D:2      | Found a basalt altar of Yredelemnul.
   481 | D:2      | Found a stormy altar of Qazlal.
   831 | D:3      | Noticed Robin
   868 | D:3      | Reached XP level 4. HP: 20/35 MP: 4/7
   886 | D:3      | HP: 1/35 [poisoned by a goblin]
   886 | D:3      | Slain by a hobgoblin

Action                   |  1- 3 |  4- 6 || total
-------------------------+-------+-------++-------
Melee: Dagger            |   107 |    14 ||   121
 Cast: Corona            |     7 |     3 ||    10
  Use: Scroll            |     1 |     1 ||     2
 Stab: Sleeping          |     4 |       ||     4

Vault maps used:
D:1:      dpeg_arrival_long_road, serial_bayou_crossing
D:2:      overflow_temple_1_default, nicolae_overflow_hidden_temple, first_bread
D:3:      uniq_grinder, uniq_robin
